 Dungeon Crawl Stone Soup version 0.31-a0-165-g3f4f80340b (webtiles) character file.

Game seed: 14020931014237145790

371 qw the Chopper (level 6, -1/38 HPs)
             Began as a Gargoyle Fighter on June 13, 2023.
             Slain by a gnoll
             ... wielding a +0 halberd
             ... led by a gnoll sergeant
              (6 damage)
             ... on level 4 of the Dungeon.
             The game lasted 00:01:29 (2674 turns).

qw the Chopper (Gargoyle Fighter)                   Turns: 2674, Time: 00:01:29

Health: -1/38      AC: 13    Str: 22    XL:     6   Next: 71%
Magic:  6/6        EV: 10    Int:  8    God:
Gold:   90         SH:  4    Dex:  9    Spells: 5/5 levels left

rFire   . . .        Y - +0 war axe
rCold   . . .        c - +0 buckler
rNeg    + . .        b - +0 scale mail
rPois   inf          i - +1 helmet
rElec   +            (no cloak)
rCorr   +            (no gloves)
SInv    .            (no boots)
Will    .....        o - amulet of regeneration Stlth
                     e - ring of resist corrosion
HPRegen 1.06/turn    (no ring)
MPRegen 0.10/turn

%: no passive effects
@: about to teleport
A: sickness immunity, AC +4, negative energy resistance 1, electricity
resistance, torment resistance 1, petrification resistance
a: no special abilities


You were on level 4 of the Dungeon.
You visited 1 branch of the dungeon, and saw 4 of its levels.

You collected 180 gold pieces.
You spent 90 gold pieces at shops.


Innate Abilities, Weirdness & Mutations

You are immune to sickness and miasma.
Your stone body is resilient. (AC +4)
You are immune to poison.
You resist negative energy. (rN+)
You are resistant to electric shocks. (rElec)
You are resistant to unholy torment.
You are immune to petrification.


   Skills:
 - Level 4.1 Fighting
 + Level 5.4 Axes
 - Level 3.2 Armour
 - Level 1.7 Dodging
 - Level 3.2 Shields


You had 5 spell levels left.
You didn't know any spells.
Your spell library was empty.

Inventory:

Hand Weapons
 m - a +0 flail
 Y - a +0 war axe (weapon)
Armour
 b - a +0 scale mail (worn)
 c - a +0 buckler (worn)
 i - a +1 helmet (worn)
 q - a +0 chain mail
 s - a +2 pair of gloves
Jewellery
 e - a ring of resist corrosion (left hand)
 o - an amulet of regeneration (around neck)
Scrolls
 a - 3 scrolls of identify
 r - a scroll of blinking {unknown}
Potions
 d - a potion of might
 f - a potion of brilliance {unknown}
 g - 2 potions of attraction {unknown}
 h - a potion of mutation {unknown}
 j - a potion of lignification {unknown}
 k - a potion of enlightenment {unknown}
 l - a potion of resistance {unknown}
 p - 2 potions of heal wounds
 t - a potion of curing

Dungeon Overview and Level Annotations

Branches:
Dungeon (4/15)
 Temple: D:4-7

Altars:
Zin

Shops:
D:1 *


Message History

Enter note: You block the gnoll sergeant's attack.
The gnoll barely misses you. You block the gnoll's attack.
The gnoll hits you with a +0 spear.
There is an open door here.
Enter note:
Enter note:
Enter note:
Enter note:
Enter note:
Enter note: You slash the gnoll sergeant!
The gnoll sergeant is heavily wounded.
You closely miss the gnoll. You hit the gnoll.
The gnoll sergeant closely misses you. The gnoll closely misses you.
You block the gnoll's attack.
The gnoll hits you from afar with a +0 spear.
The gnoll sergeant blocks your attack.
The gnoll sergeant is heavily wounded.
You hit the gnoll. You slash the gnoll!
The gnoll sergeant hits you with a +0 spear of flaming.
The gnoll sergeant burns you. The gnoll closely misses you.
The gnoll hits you with a +0 halberd! The gnoll barely misses you.
You closely miss the gnoll.
The gnoll is almost dead.
You hit the gnoll.
You kill the gnoll!
You hit the gnoll sergeant but do no damage.
The gnoll sergeant hits you but does no damage.
The gnoll barely misses you. The gnoll hits you with a +0 halberd.
The gnoll hits you but does no damage.
The gnoll hits you from afar with a +0 spear.
The gnoll hits you but does no damage.
The gnoll sergeant hits you with a +0 spear of flaming.
The gnoll sergeant burns you.
2674 ||| READING scroll of teleportation.
As you read the scroll of teleportation, it crumbles to dust.
You feel strangely unstable. The gnoll sergeant closely misses you.
The gnoll hits you but does no damage. The gnoll hits you with a +0 club.
The gnoll hits you with a +0 halberd.
You die...

##.### .....#.. #...###..
###..########.#.##.#.# #.#..#...
##<............#.#....###.#......
...#......... .....#..#.....####.
<###......~~~ ~~~#..#.##### #.
..........~## #~#....# ##
####......~#######~..#.## #
#......~~#..g#~~.####
#......~~#|gg@...#
#######~~#.gg#~~## ######~# #~#
~~# ###


You could see a gnoll sergeant and 4 gnolls.

Vanquished Creatures
  An ogre (D:4)
  2 scorpions (D:4)
  2 orc wizards (D:2)
  A gnoll (D:4)
  3 adders
  2 worms (D:3)
  2 dart slugs (D:1)
  4 orcs
  7 bats
  7 endoplasms
  7 giant cockroaches
  2 goblins
  6 hobgoblins
  4 kobolds
  3 quokkas
  5 ball pythons
  5 frilled lizards
  4 rats
67 creatures vanquished.

Notes
Turn   | Place    | Note
-------+----------+-------------------------------------------
     0 | D:1      | qw the Gargoyle Fighter began the quest for the Orb.
     0 | D:1      | Reached XP level 1. HP: 14/14 MP: 1/1
     0 | D:1      | 0 ||| qw: Version: 0.2-a-29-gc1b59c4
     0 | D:1      | 0 ||| qw: Game counter: 4711
     0 | D:1      | 0 ||| qw: Always use a shield: true
     0 | D:1      | 0 ||| qw: God list: Okawaru
     0 | D:1      | 0 ||| qw: Allow faded altars: false
     0 | D:1      | 0 ||| qw: Do Orc after D:15 true
     0 | D:1      | 0 ||| qw: Do second Lair branch before Depths: true
     0 | D:1      | 0 ||| qw: Lair rune preference: random
     0 | D:1      | 0 ||| qw: Plans: Normal, Zot:1-4, Slime:5, God:TSO, Crypt,
                  | Tomb, Abyss, Pan, Hells, Win
     0 | D:1      | 0 ||| PLANNING D:1-11
    65 | D:1      | Reached skill level 2 in Axes
   287 | D:1      | Reached XP level 2. HP: 19/19 MP: 2/2
   344 | D:1      | Found Niurity's Assorted Antiques.
   351 | D:1      | 351 ||| SHOPLISTING brown potion (21 gold, have 17).
   351 | D:1      | 351 ||| SHOPLISTING green potion (21 gold, have 17).
   351 | D:1      | 351 ||| SHOPLISTING orange potion (21 gold, have 17).
   351 | D:1      | 351 ||| SHOPLISTING scroll labelled DUJOLE CYCSIA (24 gold,
                  | have 17).
   521 | D:1      | 521 ||| FLEEEEING.
   544 | D:1      | Reached skill level 3 in Axes
   670 | D:1      | Reached XP level 3. HP: 23/23 MP: 3/3
   928 | D:1      | 928 ||| UPGRADING to +0 helmet.
   933 | D:1      | 933 ||| UPGRADING to amulet of the acrobat.
   938 | D:1      | 938 ||| READING 2 scrolls labelled FOEBISKI RUU.
   939 | D:1      | 939 ||| READING scroll labelled ELANYX QYPE.
  1135 | D:2      | 1135 ||| DROPPING +0 club.
  1211 | D:2      | 1211 ||| Stepping ~*~*~tactically~*~*~ (hiding).
  1217 | D:2      | Reached XP level 4. HP: 28/28 MP: 4/4
  1434 | D:2      | 1434 ||| UPGRADING to ring of resist corrosion.
  1435 | D:2      | 1435 ||| READING scroll labelled VIYW MESKAKH.
  1436 | D:2      | 1436 ||| READING scroll labelled ADWA KEUMUCH.
  1437 | D:2      | 1437 ||| READING scroll labelled RECADGHIECA.
  1503 | D:3      | Reached skill level 4 in Axes
  1543 | D:3      | 1543 ||| Stepping ~*~*~tactically~*~*~ (stealth).
  1544 | D:3      | 1544 ||| Stepping ~*~*~tactically~*~*~ (stealth).
  1546 | D:3      | 1546 ||| Stepping ~*~*~tactically~*~*~ (stealth).
  1553 | D:3      | 1553 ||| FLEEEEING.
  1554 | D:3      | 1554 ||| FLEEEEING.
  1555 | D:3      | 1555 ||| FLEEEEING.
  1556 | D:3      | 1556 ||| FLEEEEING.
  1557 | D:3      | 1557 ||| FLEEEEING.
  1558 | D:3      | 1558 ||| STAIRDANCE
  1567 | D:2      | HP: 6/28 [something/magic dart (3)]
  1573 | D:2      | 1573 ||| READING scroll of teleportation.
  1669 | D:2      | 1669 ||| DRINKING 2 green potions.
  1681 | D:3      | 1681 ||| STAIRDANCE
  1708 | D:3      | 1708 ||| STAIRDANCE
  1715 | D:2      | Reached XP level 5. HP: 27/32 MP: 5/5
  1734 | D:2      | 1734 ||| READING scroll labelled BOVI ZALIMU.
  1740 | D:3      | 1740 ||| DROPPING +0 whip.
  2273 | D:3      | 2273 ||| READING scroll labelled PED HUHEFAOKO.
  2273 | D:3      | Identified a scroll of acquirement
  2273 | D:3      | 2273 ||| ACQUIRING amulet of regeneration
  2273 | D:3      | Acquired an amulet of regeneration
  2275 | D:3      | 2275 ||| UPGRADING to amulet of regeneration.
  2285 | D:3      | 2285 ||| DROPPING amulet of the acrobat.
  2340 | D:4      | Reached skill level 5 in Axes
  2358 | D:4      | 2358 ||| READING scroll of enchant armour.
  2358 | D:4      | 2358 ||| ENCHANTING +0 helmet.
  2360 | D:4      | 2360 ||| Stepping ~*~*~tactically~*~*~ (hiding).
  2568 | D:4      | Reached XP level 6. HP: 38/38 MP: 6/6
  2618 | D:4      | Reached skill level 1 in Dodging
  2640 | D:4      | Found a glowing silver altar of Zin.
  2640 | D:4      | Found Zin's Purification Station.
  2649 | D:4      | 2649 ||| BUYING potion of curing (90 gold).
  2649 | D:4      | Bought a potion of curing for 90 gold pieces
  2673 | D:4      | HP: 8/38 [gnoll sergeant/+0 spear of flaming (3)]
  2674 | D:4      | 2674 ||| READING scroll of teleportation.
  2674 | D:4      | Slain by a gnoll

Levels and vault maps discovered:
D:1:      minmay_arrival_hallway, layout_loops_corners, serial_shops,
          shop_fountains, serial_forest, infiniplex_forest_clump_large,
          infiniplex_forest_side_room, infiniplex_forest_clump_diagonal,
          infiniplex_forest_lined_3_way, infiniplex_forest_clump_long
D:2:      layout_rooms
D:3:      layout_basic
D:4:      layout_rooms, zin_purify, hangedman_decor_opposing, interstate_on_off,
          lightli_minifort

Skill      XL: |  1  2  3  4  5  6 |
---------------+-------------------+-----
Axes           | 2 3 4 5 |  5.4
Fighting       | 4 |  4.1
Dodging        | 1 |  1.7
Armour         | |  3.2
Shields        | |  3.2

Action                     |  1- 3 |  4- 6 || total
---------------------------+-------+-------++-------
  Melee: War axe           |    82 |    97 ||   179
    Use: Scroll            |     2 |     8 ||    10
         Potion            |       |     1 ||     1
 Armour: Scale mail        |    47 |    42 ||    89
  Dodge: Dodged            |    41 |    41 ||    82
  Block: Buckler           |    10 |    17 ||    27

Table legend:
 A = Non-vault XP
 B = Vault XP
 C = Vault XP percentage of total XP
 D = Non-vault monster count
 E = Vault monster count
 F = Vault count percentage of total count
                 A         B        C        D         E       F
            +---------+---------+-------+---------+---------+-------
      Total |     517 |      14 |   2.6 |      66 |       1 |   1.5
            +---------+---------+-------+---------+---------+-------
        D:1 |      37 |       0 |   0.0 |      20 |       0 |   0.0
        D:2 |     124 |       0 |   0.0 |      18 |       0 |   0.0
        D:3 |      53 |       0 |   0.0 |      19 |       0 |   0.0
        D:4 |     303 |      14 |   4.4 |       9 |       1 |  10.0
            +---------+---------+-------+---------+---------+-------
